Map: Site Delta LE

Players

Betamax

  • Race: Protoss Protoss
  • League: Diamond
  • Spawn Location: 11:00

Nori - Winner!

  • Race: Protoss Protoss
  • League: Diamond
  • Spawn Location: 5:00

VOD

Have the link to the VOD?

Description

Time

  • Played on: Oct. 9, 2023, 9:23 a.m.
  • Length: 5:46
Show
View Real Time Build Order
Export as new Build Order

Betamax Protoss 

Build Orders:  

Get SALT Encoding   

  12  0:02  Probe  
  13  0:14  Probe  
  14  0:21  Pylon  
  14  0:26  Probe  
  15  0:31  Assimilator  
  15  0:39  Probe  
  16  0:46  Gateway  
  16  0:51  Probe  
  17  1:03  Probe  
  18  1:10  Pylon  
  18  1:16  Probe  
  19  1:28  Probe  
  20  1:35  Cybernetics Core  
  20  1:43  Probe  
  21  1:52  Nexus  
  21  2:00  Assimilator  
  21  2:01  Probe  
  22  2:14  Stargate  
  22  2:22  Gateway  
  22  2:27  Stalker  
  24  2:31  Probe  
  25  2:44  Pylon  
  25  2:47  Probe  
  26  3:02  Void Ray (Chrono Boost)  
  30  3:10  Probe x2  
  32  3:14  Assimilator  
  32  3:17  Assimilator  
  32  3:22  Probe x2  
  38  3:40  Void Ray  
  38  3:45  Probe x2  
  40  3:57  Probe (Chrono Boost)  
  40  4:02  Probe (Chrono Boost)  
  40  4:07  Probe (Chrono Boost)  
  42  4:11  Probe (Chrono Boost)  
  42  4:22  Shield Battery  
  42  4:24  Shield Battery  
  42  4:28  Void Ray (Chrono Boost)  
Show
View Real Time Build Order
Export as new Build Order

Nori Protoss - Winner!

Build Orders:  

Get SALT Encoding   

  12  0:00  Probe  
  13  0:12  Probe  
  14  0:17  Pylon  
  14  0:24  Probe (Chrono Boost)  
  15  0:37  Probe (Chrono Boost)  
  15  0:39  Gateway  
  16  0:44  Probe (Chrono Boost)  
  16  0:47  Assimilator  
  17  0:51  Probe  
  17  0:54  Assimilator  
  18  1:03  Probe  
  19  1:09  Gateway  
  19  1:15  Probe  
  20  1:26  Cybernetics Core  
  20  1:27  Probe  
  21  1:39  Probe, Pylon  
  22  1:51  Probe  
  23  2:04  Robotics Facility  
  23  2:06  Stalker x2  
  27  2:14  Warp Gate  
  27  2:36  Stalker x2  
  31  2:46  Pylon  
  31  3:02  Immortal (Chrono Boost)  
  35  3:09  Sentry  
  37  3:14  Pylon  
  37  3:19  Stalker  
  39  3:31  Warp Prism (Chrono Boost)  
  41  3:35  Shield Battery  
  41  3:41  Pylon  
  39  4:17  Stalker x2  
  43  4:40  Stalker x2  
  43  5:00  Nexus  
  43  5:03  Pylon  
  43  5:05  Stalker x2  
  43  5:10  Pylon  
Tags
 
Matchup
PvP
Spawn Locations
Cross Positions
Add a new tag
Caveats
  • Supply blocks, unpowered buildings, or Contaminate may cause inaccurate times.
  • Supply counts are checked every 10 seconds.